 Dungeon Crawl Stone Soup version 0.27-a0-323-gbd089401bb (webtiles) character file.

Game seed: 9693862089550398601

1383 dickylongcocking the Ruffian (level 8, 0/52 (54) HPs)
             Began as an Octopode Fighter on Feb 11, 2021.
             Was an Initiate of Gozag.
             Slain by an orc
             ... wielding a +0 dagger
              (2 damage)
             ... on level 6 of the Dungeon.
             The game lasted 00:03:43 (5453 turns).

dickylongcocking the Ruffian (Octopode Fighter)     Turns: 5453, Time: 00:03:44

HP:   0/52 (54)     AC:  1    Str: 15      XL:     8   Next: 67%
MP:   8/8           EV: 12    Int:  9 (11) God:    Gozag
Gold: 476           SH:  9    Dex: 10 (13) Spells: 7/7 levels left

rFire    . . .     SeeInvis .     - Unarmed
rCold    . . .     Faith    .   a - +0 kite shield
rNeg     . . .     Spirit   .   (helmet restricted)
rPois    .         Reflect  .   b - amulet of regeneration
rElec    .         Harm     .   n - ring of flight
rCorr    .         Rampage  .   (no ring)
Will     .....                  (no ring)
Stlth    ++++......             (no ring)
HPRegen  0.57/turn              (no ring)
MPRegen  0.11/turn              (no ring)
                                (no ring)
                                (no ring)

@: lightly drained
A: almost no armour, stealthy swim, amphibious, 8 rings, constrict 8, camouflage
1, gelatinous body 1
a: Renounce Religion, Evoke Flight, Potion Petition, Call Merchant, Bribe Branch


You were on level 6 of the Dungeon.
You worshipped Gozag.
Gozag was aware of your devotion.
You visited 2 branches of the dungeon, and saw 7 of its levels.

You collected 522 gold pieces.
You paid 46 gold pieces to Gozag.

Inventory:

Armour
 a - a +0 kite shield (worn)
Jewellery
 b - an amulet of regeneration (around mantle)
 n - a ring of flight (left tentacle)
Wands
 m - a wand of flame (13)
Scrolls
 e - 2 scrolls of fear
 g - 2 scrolls of fog {unknown}
 j - a scroll of amnesia
 k - 4 scrolls of identify
 p - 2 scrolls of immolation {unknown}
 q - a scroll of noise
Potions
 c - a potion of resistance
 d - 3 potions of attraction {unknown}
 h - a potion of degeneration
 i - a potion of haste {unknown}
 o - a potion of flight {unknown}


   Skills:
 + Level 4.3 Fighting
 + Level 5.1 Dodging
 + Level 6.2 Stealth
 + Level 5.2 Shields
 + Level 6.6 Unarmed Combat
 + Level 0.5 Evocations


You had 7 spell levels left.
You didn't know any spells.
Your spell library was empty.

Dungeon Overview and Level Annotations

Branches:
Dungeon (6/15)             Temple (1/1) D:4

Altars:
Ashenzari
Cheibriados
Dithmenos
Elyvilon
Gozag
Hepliaklqana
Makhleb
Qazlal
Sif Muna
Uskayaw
Vehumet
Wu Jian
Yredelemnul
The Shining One

Annotations:
D:4 1 runed translucent door


Innate Abilities, Weirdness & Mutations

You cannot wear most types of armour.
You are very stealthy in the water. (Stealth+)
You are amphibious.
You can wear up to eight rings at the same time.
You can use your tentacles to constrict eight enemies at once.
Your skin changes colour to match your surroundings (Stealth+).
Your rubbery body absorbs attacks. (AC +1, EV +1)


Message History

It is a scroll of enchant weapon.
You aren't carrying any weapons that can be enchanted.
The phantom hits you.
As you read the scroll labelled HATZIFYODO, it crumbles to dust.
It is a scroll of amnesia.
You feel forgetful for a moment. The phantom barely misses you.
The wight closely misses you.
Unknown command.
Unknown command.
As you read the scroll labelled DODOUZUEMP, it crumbles to dust.
It is a scroll of identify.
q - a scroll of noise You block the phantom's attack.
The wight closely misses you.
As you read the scroll labelled DIZIATUDUARE, it crumbles to dust.
You feel aware of your surroundings.
You sensed 7 altars.
It was a scroll of magic mapping.
You block the phantom's attack.
The wight hits you from afar with a +2 halberd of freezing!
* * * LOW HITPOINT WARNING * * *
The wight freezes you.
* * * LOW HITPOINT WARNING * * *
The phantom hits you.
* * * LOW HITPOINT WARNING * * *
The phantom blinks!
You blink.
The wight misses you. You block the orc's attack.
Unknown command.
Okay, then.
Okay, then.
You barely miss the orc.
Your attack snaps the orc out of its fear.
Your grab misses the orc. Your squeeze misses the orc.
You block the orc's attack. The phantom barely misses you.
The wight hits you from afar with a +2 halberd of freezing.
* * * LOW HITPOINT WARNING * * *
You feel drained.
* * * LOW HITPOINT WARNING * * *
The wight freezes you.
* * * LOW HITPOINT WARNING * * *
The orc hits you with a +0 dagger.
You die...
Your body crumbles into a pile of gold.

.....##......###.......,,,,,,,,*
.....##.....##.#.....##*,,,,****
.>....#......#........#*,,,,,,,**
..#...................###,,,,,,,*
.###....................#.,,,*,,,
####...#............#*....,,,,,,,
.##...###.......z...#.....,,,,,,,
.....###.......Wo...#.......,*,,,
....##_##.##...#@#...........*,,,
#####,,,######.#o#...###......,,,
_,,***+***,,_#....$####.......,,,
,,**,,,,,**,,#.....##.........,,,
,*+,,,,,,,+*,#..............(.,,≈
**,,,,8,,,,**#.........>......,≈≈
*,,,8,,,8,,,*##..............≈,,≈
*,,,,,,,,,,,*,##.#..........≈≈≈,,
+,,8,,8,,8,,+,_####..........≈,,≈


You could see a phantom, a wight and 2 orcs.

Vanquished Creatures
  Menkaure (D:4)
  A sky beast (D:5)
  2 ogres
  2 centaurs
  2 bullfrogs
  2 scorpions
  A wight (D:6)
  A hound (D:4)
  An orc priest (D:4)
  2 iguanas (D:4)
  2 orc wizards
  5 worker ants
  A hound zombie (D:5)
  2 hound skeletons
  13 adders
  A shadow imp (D:6)
  A white imp (D:6)
  2 ufetubi (D:5)
  An ooze (D:2)
  An adder skeleton (D:5)
  A dart slug (D:1)
  6 leopard geckos
  12 orcs
  4 giant cockroaches
  3 hobgoblins
  14 jackals
  A quokka (D:4)
  A ball python (D:2)
  6 bats
  10 frilled lizards
  5 goblins
  10 kobolds
  6 rats
123 creatures vanquished.

Notes
Turn   | Place    | Note
-------+----------+-------------------------------------------
     0 | D:1      | dickylongcocking the Octopode Fighter began the quest for
                  | the Orb.
     0 | D:1      | Reached XP level 1. HP: 16/16 MP: 1/1
   122 | D:1      | Reached XP level 2. HP: 9/21 MP: 2/2
   785 | D:1      | You fall into a shaft and drop 1 floor!
   791 | D:2      | Reached XP level 3. HP: 26/26 MP: 3/3
  1500 | D:2      | Reached skill level 1 in Stealth
  1528 | D:2      | Reached XP level 4. HP: 21/32 MP: 4/4
  1905 | D:2      | Reached XP level 5. HP: 22/36 MP: 5/5
  2341 | D:3      | Noticed a centaur
  2357 | D:3      | Killed a centaur
  2480 | D:3      | Reached XP level 6. HP: 41/43 MP: 6/6
  3246 | D:4      | Reached XP level 7. HP: 42/47 MP: 7/7
  3246 | D:4      | Found a glowing golden altar of the Shining One.
  3247 | D:4      | Found a runed translucent door.
  3247 | D:4      | Noticed an angel
  3324 | D:4      | Found a staircase to the Ecumenical Temple.
  3337 | Temple   | Entered the Ecumenical Temple
  3426 | Temple   | Became a worshipper of Gozag Ym Sagoz the Greedy
  3507 | D:4      | Noticed Menkaure
  3517 | D:4      | Killed Menkaure
  3518 | D:4      | Reached skill level 5 in Unarmed Combat
  3744 | D:4      | Reached skill level 5 in Stealth
  3879 | D:5      | Entered Level 5 of the Dungeon
  4072 | D:5      | Reached XP level 8. HP: 33/54 MP: 8/8
  4358 | D:5      | Reached skill level 5 in Shields
  5304 | D:6      | Reached skill level 5 in Dodging
  5453 | D:6      | HP: 2/52 [wight/+2 halberd of freezing (2)]
  5453 | D:6      | Slain by an orc

Illustrated notes

Levels and vault maps discovered:
D:1:      lightli_arrival_maybe_door_vault, layout_basic
D:2:      minmay_spotlight, layout_loops_cross
D:3:      layout_loops_ring, minmay_quadrilaterals
D:4:      layout_rooms, minmay_temple_entry_nine_rooms, lemuel_angel_altar,
          uniq_menkaure
D:5:      layout_basic
D:6:      layout_cave_pools, grunt_temple_overflow_octagram, kennysheep_doodads,
          amcnicky_mini_pool_small
Temple:   dshaligram_water_room_temple

Skill      XL: |  1  2  3  4  5  6  7  8 |
---------------+-------------------------+-----
Stealth        | 1 2 3 5 6 |  6.2
Unarmed Combat | 3 4 5 6 |  6.6
Shields        | 4 5 |  5.2
Dodging        | 4 5 |  5.1
Fighting       | 4 |  4.3
Evocations     | |  0.5

Action                   |  1- 3 |  4- 6 |  7- 9 || total
-------------------------+-------+-------+-------++-------
Melee: Unarmed           |    85 |   111 |   146 ||   342
       Constrict         |    27 |    24 |    24 ||    75
       Tentacles         |    15 |    19 |    30 ||    64
       Punch             |     3 |     5 |     6 ||    14
Evoke: Wand              |       |       |     2 ||     2
  Use: Potion            |       |     5 |     6 ||    11
       Scroll            |       |       |     5 ||     5
 Stab: Sleeping          |     3 |     8 |    10 ||    21
       Distracted        |     1 |       |       ||     1
Armor: Skin              |    10 |     3 |     8 ||    21
Dodge: Dodged            |    46 |    42 |    60 ||   148
Block: Kite shield       |    45 |    51 |    71 ||   167

Table legend: (Time is in decaauts)
 A = Elapsed time spent in this place.
 B = Non-inter-level travel time spent in this place.
 C = Inter-level travel time spent in this place.
 D = Time resting spent in this place.
 E = Time spent auto-exploring this place.
 F = Levels seen in this place.
 G = Mean time per level.
                   A        B        C        D        E       F      G
               +--------+--------+--------+--------+--------+-----+--------+
         Total |   5502 |   5382 |    120 |    274 |   4163 |   7 |  786.0 |
       Dungeon |   5399 |   5291 |    108 |    274 |   4107 |   6 |  899.8 |
        Temple |    102 |     90 |     12 |      0 |     56 |   1 |  102.0 |
               +--------+--------+--------+--------+--------+-----+--------+

Top non-repeatable levels by time:
     D:5: 1393 daAuts
     D:2: 1229 daAuts
     D:3: 985 daAuts
     D:1: 960 daAuts
     D:4: 641 daAuts
     D:6: 189 daAuts
  Temple: 102 daAuts
